AoeStats
← AxD | Kurumi 002

Oasis

510224182Analyzed
4v4 RM · 4d ago on Sep 30, 2026· 14m 48s· 8 players
Game mode
Random Map
Map size
Large (8 player)
Population
200
Speed
Normal
Resources
Standard
Victory
Conquest
Starting age
Dark Age
Ending age
Imperial Age
RankedLock teamsTeams togetherTeam positionsShared explorationLock speedFull tech treeHidden civsTurbo modeCheats
Victory
Defeat
🇸🇻 Khmer · El Salvador
1600
+9
🇦🇷 Hindustanis · Argentina
1524
+12
🇺🇾 Ethiopians · Uruguay
1494
+13
🇦🇷 Saracens · Argentina
1445
+16
🇻🇳 Magyars · Vietnam
1593
-18
🇲🇽 Japanese · Mexico
1424
-12
🇦🇷 Cumans · Argentina
1401
-11
🇦🇷 Saracens · Argentina
1344
-9
El Kb
8:26 Feudal Age
8:59 Double-Bit Axe
10:14 Horse Collar
11:55 Loom
AxD | Kurumi 002
9:39 Feudal Age
10:09 Double-Bit Axe
10:11 Horse Collar
12:51 Scale Barding Armor
15:08 Forging
[GGnT] Nanito_Uy
6:31 Loom
8:55 Feudal Age
9:36 Double-Bit Axe
12:00 Fletching
13:26 Padded Archer Armor
Bruno El Gato
6:29 Loom
8:59 Feudal Age
9:27 Double-Bit Axe
11:39 Fletching
11:51 Horse Collar
SimmaHem7912
8:43 Feudal Age
9:54 Loom
Speaker
6:00 Loom
9:24 Feudal Age
9:53 Double-Bit Axe
Leandro Pared10s
8:31 Feudal Age
9:35 Double-Bit Axe
9:55 Horse Collar
13:02 Bloodlines
This is Kawaii
7:06 Loom
9:24 Feudal Age
11:25 Horse Collar
13:20 Double-Bit Axe
14:30 Wheelbarrow
Connection lost

Rejoining the realm…

Still unreachable

The connection could not be restored.

Session expired

The server has moved on; the page needs a fresh start.